 Dungeon Crawl Stone Soup version 0.26-a0-259-g1effd001a9 (webtiles) character file.

Game seed: 10379397949802362262

102 sanka the Chiller (level 4, -4/30 HPs)
             Began as a Barachi Ice Elementalist on July 12, 2020.
             Slain by an ogre
             ... wielding a +0 giant club
              (23 damage)
             ... on level 3 of the Dungeon.
             The game lasted 00:04:07 (2708 turns).

sanka the Chiller (Barachi Ice Elementalist)        Turns: 2708, Time: 00:04:08

Health: -4/30      AC:  3    Str:  9    XL:     4   Next: 77%
Magic:  0/8        EV: 12    Int: 16    God:
Gold:   98         SH:  0    Dex: 13    Spells: 2/9 levels left

rFire    . . .     SeeInvis .   a - +0 glaive
rCold    . . .     Faith    .   (shield currently unavailable)
rNeg     . . .     Spirit   .   o - +0 robe
rPois    .         Reflect  .   (no helmet)
rElec    .         Harm     .   n - +0 cloak
rCorr    +                      (no gloves)
MR       .....                  (no boots)
Stlth    ++........             (no amulet)
HPRegen  0.10/turn              m - ring of resist corrosion
MPRegen  0.11/turn              (no ring)

@: frozen ramparts, slow
A: +LOS, swims, slowness 1, strong legs 1
a: Hop


You were on level 3 of the Dungeon.
You were not hungry.

You visited 1 branch of the dungeon, and saw 3 of its levels.

You collected 98 gold pieces.


Innate Abilities, Weirdness & Mutations

You can be seen from farther away. (+LOS)
You can swim through water.
You cover ground slowly.
You can hop short distances.


   Skills:
 - Level 2.1 Dodging
 - Level 1.7 Stealth
 - Level 3.0 Spellcasting
 + Level 6.8 Ice Magic


You had 2 spell levels left.
You knew the following spells:

 Your Spells              Type           Power        Failure   Level
a - Ozocubu's Armour      Chrm/Ice       ##......     14%         3
y - Frozen Ramparts       Ice            ###...       3%          3
z - Freeze                Ice            ###.         1%          1

Your spell library contained the following spells:

 Spells                   Type           Power        Failure   Level
 Hailstorm                Conj/Ice       ##......     43%         4
 Summon Ice Beast         Ice/Summ       ##......     43%         4

Inventory:

Hand Weapons
 a - a +0 glaive (weapon)
Missiles
 j - 86 stones (quivered)
Armour
 n - a +0 cloak (worn)
 o - a +0 robe (worn)
Jewellery
 m - a ring of resist corrosion (left hand)
Scrolls
 b - 2 scrolls of blinking {unknown}
 f - a scroll of remove curse {unknown}
 g - 2 scrolls of identify {unknown}
 k - a scroll of magic mapping {unknown}
 l - 2 scrolls of amnesia {unknown}
 r - a scroll of fear {unknown}
Potions
 d - a potion of heal wounds {unknown}
 e - a potion of resistance {unknown}
 h - 2 potions of stabbing {unknown}
 i - a potion of curing {unknown}
 p - a potion of flight {unknown}
 q - a potion of might {unknown}
Comestibles
 c - 6 rations

Dungeon Overview and Level Annotations

Branches:
Dungeon (3/15)

Altars:
Nemelex Xobeh

............▒
.▒.).......▒▒
...........▒
▒▒▒▒ ..▒
.▒.........▒
... .[.▒
▒▒.........▒▒.▒
...▒
▒▒▒▒▒▒▒▒▒(.▒..▒
...▒ ▒ ▒▒...▒
▒▒▒▒..▒ ▒▒
▒£..▒▒▒.....▒▒
.▒
▒.....OF.....▒
†▒
▒...▒▒▒†......▒
.▒ ▒...▒
▒†.†....▒ ..
....▒▒
▒.......▒ ...
...▒▒.▒
▒........▒ .>..
..▒ ▒.▒
▒.▒......▒
....... ..
...........
...... .
..£.>........
▒▒▒▒..▒
.▒▒...........


You could see an ogre.


Message History

You reach to attack!
You barely miss the ogre.
The ogre is moderately wounded.
The wall freezes the ogre.
The wall freezes the ogre.
The ogre misses you.
Aiming: Freeze (safe; 1% risk of failure)
Aim: an ogre, wielding a +0 giant club (heavily wounded)
You freeze the ogre.
The ogre is heavily wounded.
The wall freezes the ogre.
The ogre hits you with a +0 giant club!
Unknown command.
Aiming: Freeze (safe; 1% risk of failure)
Aim: an ogre, wielding a +0 giant club (heavily wounded)
You freeze the ogre.
The ogre is heavily wounded.
Unknown command.
Aiming: Freeze (safe; 1% risk of failure)
Aim: an ogre, wielding a +0 giant club (heavily wounded)
You freeze the ogre.
The ogre is severely wounded.
The frozen ramparts melt away.
The ogre hits you with a +0 giant club.
Unknown command.
The walls around you are covered in ice.
The wall freezes the ogre.
The ogre hits you with a +0 giant club!!
Ouch! That really hurt!
You die...

Action                   |  1- 3 |  4- 6 || total
-------------------------+-------+-------++-------
Melee: Unarmed           |    29 |     5 ||    34
       Glaive            |       |    23 ||    23
Throw: Stone             |     1 |     1 ||     2
 Cast: Freeze            |    42 |    24 ||    66
       Frozen Ramparts   |       |     6 ||     6
 Stab: Sleeping          |       |     1 ||     1
  Eat: Ration            |     1 |     1 ||     2
Armor: Robe              |    26 |     8 ||    34
Dodge: Dodged            |    41 |    27 ||    68

Levels and vault maps discovered:
D:1:      evilmike_arrival_hilbert_curve, layout_loops_ring,
          nemelex_xobeh_ov_fountains_minmay
D:2:      layout_loops_ring, first_ration, hangedman_decor_growths
D:3:      layout_rooms

Notes
Turn   | Place    | Note
-------+----------+-------------------------------------------
     0 | D:1      | sanka the Barachi Ice Elementalist began the quest for the
                  | Orb.
     0 | D:1      | Reached XP level 1. HP: 13/13 MP: 3/3
   291 | D:1      | Found a sparkling altar of Nemelex Xobeh.
   296 | D:1      | Reached skill level 5 in Ice Magic
   530 | D:1      | Reached XP level 2. HP: 16/19 MP: 0/5
  1227 | D:2      | Reached XP level 3. HP: 24/24 MP: 5/7
  1232 | D:2      | Learned a level 3 spell: Frozen Ramparts
  1236 | D:2      | Learned a level 3 spell: Ozocubu's Armour
  1257 | D:2      | Reached skill level 3 in Spellcasting
  1463 | D:2      | Reached skill level 6 in Ice Magic
  1688 | D:2      | Reached XP level 4. HP: 29/30 MP: 4/8
  2698 | D:3      | Noticed an ogre
  2708 | D:3      | Slain by an ogre

Vanquished Creatures
  4 adders
  2 worms (D:2)
  A leopard gecko (D:3)
  4 giant cockroaches
  7 goblins
  9 hobgoblins
  5 jackals
  7 kobolds
  A ball python (D:2)
  8 bats
  4 frilled lizards
  7 rats
59 creatures vanquished.
